 Dungeon Crawl Stone Soup version 0.24-a0-521-g122614b (webtiles) character file.

Game seed: 16828937072251581535

8907 SKuld the Grappler (level 11, -5/160 HPs)
             Began as a Troll Monk on July 29, 2019.
             Was a Plaything of Xom.
             Slain by a yak (15 damage)
             ... on level 1 of the Lair of Beasts.
             The game lasted 00:34:28 (8506 turns).

SKuld the Grappler (Troll Monk)                     Turns: 8506, Time: 00:34:29

Health: -5/160     AC:  6    Str: 38    XL:     11   Next: 16%
Magic:  10/10      EV: 12    Int:  6    God:    Xom [.*....]
Gold:   502        SH:  0    Dex: 12    Spells: 10/10 levels left

rFire    + . .     SeeInvis .     - Unarmed
rCold    + . .     Gourm    +   (no shield)
rNeg     . . .     Faith    .   L - +0 robe (curse)
rPois    .         Spirit   .   w - +0 hat
rElec    .         Reflect  .   H - scarf {rC+ rF+}
rCorr    .         Harm     .   (gloves unavailable)
MR       +....     Clarity  +   (boots unavailable)
Stlth    ..........             F - amulet of rage
HPRegen  0.76/turn              E - +4 ring of strength
MPRegen  0.12/turn              y - +5 ring of strength

@: berserking, lethally poisoned (-5 -> -6), slowed
A: large, unfitting armour, claws 3, clarity, fast metabolism 3, gourmand, magic
resistance 1, regeneration 1, shaggy fur 1, tough skin 3
a: Renounce Religion, Evoke Berserk Rage


You were on level 1 of the Lair of Beasts.
You worshipped Xom.
You were a plaything of Xom.
You were not hungry.

You visited 3 branches of the dungeon, and saw 12 of its levels.

You collected 502 gold pieces.

Inventory:

Missiles
 k - 10 large rocks (quivered)
 M - 3 silver boomerangs
Armour
 a - a +1 robe
 w - a +0 hat (worn)
 H - a scarf of resistance (worn)
 L - a cursed +0 robe (worn)
Jewellery
 l - an uncursed ring of protection from fire
 y - a +5 ring of strength (right claw)
 C - an uncursed ring of flight
 E - a +4 ring of strength (left claw)
 F - an amulet of rage (around neck)
Wands
 t - a wand of flame (14)
 x - a wand of iceblast (33)
 J - a wand of polymorph (6)
Scrolls
 c - 2 scrolls of enchant armour
 d - 4 scrolls of remove curse
 g - 2 scrolls of fear {unknown}
 h - 7 scrolls of teleportation {unknown}
 i - 7 scrolls of identify
 j - 4 scrolls of enchant weapon {unknown}
 p - a scroll of immolation {unknown}
 r - 4 scrolls of blinking {unknown}
 u - a scroll of magic mapping {unknown}
 v - a scroll of fog {unknown}
 D - a scroll of noise {unknown}
 G - a scroll of silence {unknown}
 I - 2 scrolls of amnesia {unknown}
Potions
 e - a potion of might
 f - 2 potions of agility
 m - a potion of degeneration {unknown}
 n - 2 potions of flight {unknown}
 o - a potion of invisibility {unknown}
 s - 2 potions of curing {unknown}
 z - a potion of mutation {unknown}
 A - 2 potions of haste
 B - a potion of ambrosia {unknown}
 K - a potion of brilliance {unknown}
Miscellaneous
 N - a phial of floods
Comestibles
 b - 19 rations


   Skills:
 * Level 6.5 Fighting
 - Level 5.0 Throwing
 + Level 3.9 Armour
 + Level 4.8 Dodging
 - Level 1.0 Stealth
 - Level 13.0 Unarmed Combat


You had 10 spell levels left.
You didn't know any spells.
Your spell library contained the following spells:

 Spells                   Type           Power        Failure   Level  Hunger
 Confusing Touch          Hex            #.....       45%         1    ##.....
 Confuse                  Hex            #.......     83%         3    ####...
 Gell's Gravitas          Tloc           #.........   83%         3    ####...
 Petrify                  Tmut/Erth      #.......     99%         4    #####..
 Metabolic Englaciation   Hex/Ice        #.........   100%        5    ######.
 Yara's Violent Unravell  Hex/Tmut       #.........   100%        5    ######.


Dungeon Overview and Level Annotations

Branches:
Dungeon (10/15)            Temple (1/1) D:4            Lair (1/6) D:8
    Orc: D:9-12

Altars:
Ashenzari
Cheibriados
Dithmenos
Elyvilon
Fedhas
Gozag
Hepliaklqana
Kikubaaqudgha
Makhleb
Nemelex Xobeh
Okawaru
Qazlal
Ru
Sif Muna
Trog
Uskayaw
Vehumet
Wu Jian
Xom
Yredelemnul
Zin
The Shining One


Innate Abilities, Weirdness & Mutations

You are too large for most types of armour.
You have claws for hands.
Your metabolism is lightning-fast.
You like to eat raw meat.
Your natural rate of healing is unusually fast.
You are covered in fur. (AC +1)
You have extremely tough skin. (AC +3)
You possess an exceptional clarity of mind.
You are resistant to hostile enchantments. (MR+)


Message History

The yak bellows!
You feel sick.
You feel sick. The yak gores you but does no damage. The yak gores you!
* * * LOW HITPOINT WARNING * * *
A red film seems to cover your vision as you go berserk!
You feel yourself moving faster!
You feel mighty! The yak gores you!
* * * LOW HITPOINT WARNING * * *
You eviscerate the yak!!!
You kill the yak!
You feel sick.
Xom's power touches on you for a moment.
Your skin glows momentarily.
The yak closely misses you. The yak gores you.
* * * LOW HITPOINT WARNING * * *
The yak gores you!
* * * LOW HITPOINT WARNING * * *
You claw the yak!
The yak is moderately wounded.
The yak gores you!
You die...
Xom howls with laughter!

.. ... #. ...
##..#.#+#####
#...........#...
##..#.......#...
#...............
#....Y...........
#...@Y....PP.....
##....Y.....P.....
#...........#.....
##..P###..###.....
#................
#................
#.........†.......
##................
#.#..###P#.##....


You could see 3 yaks.

Vanquished Creatures
  A two-headed ogre (D:9)
  Joseph (D:8)
  A spiny frog (Lair:1)
  2 trolls (D:9)
  2 hippogriffs
  A spriggan (D:7)
  7 yaks
  Sigmund (D:2)
  Grum (D:8)
  A water moccasin (Lair:1)
  5 orc warriors
  6 porcupines
  4 sky beasts
  3 black bears
  4 ice beasts
  4 ogres
  A phantom (D:4)
  3 wolves (D:8)
  5 centaurs
  A big kobold (D:7)
  5 bullfrogs
  A wyvern skeleton (D:8)
  6 scorpions
  5 wights (D:10)
  5 howler monkeys
  4 crimson imps
  4 hounds
  3 jellies
  4 orc wizards
  3 centaur skeletons
  3 orc priests
  Jessica (D:2)
  3 iguanas
  4 worker ants
  A hound zombie (D:5)
  Robin (D:2)
  A hound skeleton (D:7)
  3 gnolls (D:7)
  7 adders
  2 shadow imps (D:10)
  3 oozes
  2 dart slugs
  10 leopard geckos
  20 orcs
  2 ball pythons (D:3)
  3 giant cockroaches
  8 goblins
  2 hobgoblins
  4 jackals (D:6)
  2 quokkas
  3 bats
  2 frilled lizards (D:1)
  A jackal skeleton (D:6)
  17 kobolds
  4 rats
203 creatures vanquished.

Vanquished Creatures (collateral kills)
  A jelly (D:8)
1 creature vanquished.

Vanquished Creatures (others)
  5 fungi (D:8)
5 creatures vanquished.

Grand Total: 209 creatures vanquished

Notes
Turn   | Place    | Note
-------+----------+-------------------------------------------
     0 | D:1      | SKuld the Troll Monk began the quest for the Orb.
     0 | D:1      | Reached XP level 1. HP: 22/22 MP: 0/0
   273 | D:1      | Reached XP level 2. HP: 29/29 MP: 1/1
   753 | D:2      | Reached skill level 4 in Unarmed Combat
   763 | D:2      | Reached XP level 3. HP: 34/36 MP: 2/2
   995 | D:2      | Noticed Robin
  1006 | D:2      | Killed Robin
  1047 | D:2      | Reached skill level 1 in Throwing
  1047 | D:2      | Reached XP level 4. HP: 36/44 MP: 3/3
  1150 | D:2      | Noticed Sigmund
  1165 | D:2      | Killed Sigmund
  1165 | D:2      | Reached skill level 5 in Unarmed Combat
  1165 | D:2      | Reached XP level 5. HP: 24/50 MP: 0/4
  1328 | D:2      | Noticed Jessica
  1341 | D:2      | Killed Jessica
  1343 | D:2      | Reached XP level 6. HP: 40/59 MP: 5/5
  1496 | D:3      | Found a shattered altar of Ashenzari.
  2105 | D:3      | Found a deep blue altar of Sif Muna.
  2231 | D:4      | Reached skill level 6 in Unarmed Combat
  2368 | D:4      | Reached XP level 7. HP: 57/66 MP: 6/6
  2502 | D:4      | Found a staircase to the Ecumenical Temple.
  2542 | Temple   | Entered the Ecumenical Temple
  2912 | Temple   | Became a worshipper of Cheibriados the Contemplative
  2912 | Temple   | Reached * piety under Cheibriados
  2912 | Temple   | Reached ** piety under Cheibriados
  3172 | D:4      | Reached skill level 7 in Unarmed Combat
  3244 | D:5      | Entered Level 5 of the Dungeon
  3246 | D:5      | Found a blossoming altar of Fedhas.
  3254 | D:5      | Found a white marble altar of Elyvilon.
  3387 | D:5      | Found a shadowy altar of Dithmenos.
  3404 | D:5      | Reached skill level 5 in Throwing
  3658 | D:5      | Reached XP level 8. HP: 74/74 MP: 7/7
  4050 | D:6      | Reached skill level 8 in Unarmed Combat
  4234 | D:6      | Found a glowing golden altar of the Shining One.
  4356 | D:6      | Found a white marble altar of Elyvilon.
  4359 | D:6      | Found an ornate altar of the Wu Jian Council.
  4488 | D:6      | Found a hide-covered altar of Uskayaw.
  4489 | D:6      | Found a sacrificial altar of Ru.
  4685 | D:6      | Found a burning altar of Makhleb.
  4685 | D:6      | Found a shimmering altar of Xom.
  4692 | D:6      | Fell from the grace of Cheibriados
  4692 | D:6      | Became a worshipper of Xom of Chaos
  4773 | D:7      | Reached skill level 9 in Unarmed Combat
  4846 | D:7      | XOM: harmless Summ miscast
  4926 | D:7      | XOM: scenery: create altars
  5035 | D:7      | Noticed a hippogriff
  5037 | D:7      | XOM: divination: detect creatures
  5039 | D:7      | XOM: blink monster(s)
  5045 | D:7      | Killed a hippogriff
  5045 | D:7      | Reached skill level 10 in Unarmed Combat
  5187 | D:7      | XOM: enchant monster (bad)
  5191 | D:7      | XOM: chaos upgrade
  5273 | D:7      | Reached XP level 9. HP: 62/80 MP: 8/8
  5516 | D:7      | XOM: harmless Conj miscast
  5538 | D:7      | Reached skill level 11 in Unarmed Combat
  5917 | D:8      | Noticed Joseph
  5931 | D:8      | Killed Joseph
  5932 | D:8      | Reached skill level 12 in Unarmed Combat
  5939 | D:8      | HP: 2/80 [hound (3)]
  5944 | D:7      | HP: 1/120 [hound (2)]
  5948 | D:7      | XOM: silly message
  6009 | D:7      | XOM: divination: magic mapping
  6098 | D:8      | XOM: fog
  6122 | D:8      | XOM: summons 5 friendly demons
  6144 | D:8      | XOM: scenery: create altars
  6165 | D:8      | Reached skill level 13 in Unarmed Combat
  6239 | D:8      | Reached XP level 10. HP: 72/88 MP: 9/9
  6301 | D:8      | Reached skill level 1 in Armour
  6308 | D:8      | Found a hazy altar of Hepliaklqana.
  6352 | D:8      | Found a staircase to the Lair.
  6390 | D:8      | Noticed Grum
  6390 | D:8      | XOM: confuse monster(s)
  6398 | D:8      | Killed Grum
  6741 | D:8      | XOM: god gift: runed scarf {god gift}
  6850 | D:9      | XOM: fog
  6980 | D:9      | Noticed a two-headed ogre
  6983 | D:9      | XOM: enchant monster (good)
  6988 | D:9      | Killed a two-headed ogre
  7016 | D:9      | XOM: give mutations
  7016 | D:9      | Gained mutation: You are resistant to hostile enchantments.
                  | (MR+) [Xom's grace]
  7016 | D:9      | Gained mutation: You possess an exceptional clarity of
                  | mind. [Xom's grace]
  7068 | D:9      | XOM: divination: detect creatures
  7073 | D:9      | Reached skill level 5 in Fighting
  7593 | D:10     | Entered Level 10 of the Dungeon
  7597 | D:10     | Found a stormy altar of Qazlal.
  7684 | D:10     | XOM: silly message
  7686 | D:10     | XOM: divination: detect items
  7865 | D:10     | XOM: scenery: 1 doors open
  7953 | D:10     | Reached XP level 11. HP: 98/105 MP: 10/10
  8387 | Lair:1   | Entered Level 1 of the Lair of Beasts
  8462 | Lair:1   | XOM: 1-stop teleportation journey
  8489 | Lair:1   | Was forgiven by Cheibriados
  8500 | Lair:1   | XOM: swap monsters
  8505 | Lair:1   | XOM: harmless Chrm miscast
  8506 | Lair:1   | Slain by a yak

Levels and vault maps discovered:
D:1:      lightli_iron_boxes, layout_loops_ring
D:2:      layout_basic, uniq_robin, uniq_sigmund, uniq_jessica
D:3:      layout_basic, led_sif_pool, lemuel_crystal_altar
D:4:      layout_basic, minmay_temple_entry_mini_moons, first_ration
D:5:      layout_loops_corners, nicolae_dithmenos_the_darkroom, basic_altar,
          elyvilon_altar_4
D:6:      layout_loops_ring, grunt_temple_overflow_champion_of_chaos,
          grunt_temple_overflow_open, nicolae_overflow_hidden_temple,
          nicolae_tso_carved_into_rock
D:7:      layout_loops_ring, the_bakery, lemuel_flame_loot_1
D:8:      layout_cave_pools, overflow_temple_1_default,
          due_lair_maze_entry_diamond, uniq_joseph, uniq_grum
D:9:      layout_irregular_city
D:10:     layout_irregular_city, nicolae_qazlal_style_of_elements
Temple:   minmay_temple_forest_path
Lair:1:   layout_regular_city, grunt_megastairs_2

Skill      XL: |  1  2  3  4  5  6  7  8  9 10 |
---------------+-------------------------------+-----
Unarmed Combat | 4 5 6 7 10 13 | 13.0
Throwing       | 1 2 3 4 5 |  5.0
Fighting       | 6 |  6.5
Armour         | 3 |  3.9
Dodging        | 4 |  4.8
Stealth        | |  1.0

Action                   |  1- 3 |  4- 6 |  7- 9 | 10-12 || total
-------------------------+-------+-------+-------+-------++-------
Melee: Unarmed           |    87 |    70 |   253 |   161 ||   571
       Punch             |     1 |     1 |     9 |    16 ||    27
Throw: Large rock        |       |     3 |       |       ||     3
  Use: Scroll            |     2 |     1 |       |       ||     3
       Potion            |       |       |     4 |     1 ||     5
 Stab: Sleeping          |     1 |     2 |     2 |     2 ||     7
       Confused          |       |       |       |     3 ||     3
       Paralysed         |       |       |       |     1 ||     1
  Eat: Chunk             |    15 |    12 |    33 |    25 ||    85
Armor: Robe              |    38 |    21 |    76 |    41 ||   176
Dodge: Dodged            |    44 |    29 |   107 |    69 ||   249

Table legend:
 A = Non-vault XP
 B = Vault XP
 C = Vault XP percentage of total XP
 D = Non-vault monster count
 E = Vault monster count
 F = Vault count percentage of total count
                 A         B        C        D         E       F
            +---------+---------+-------+---------+---------+-------
      Total |    9708 |    3017 |  23.7 |     175 |      29 |  14.2
            +---------+---------+-------+---------+---------+-------
        D:1 |      25 |       0 |   0.0 |      17 |       0 |   0.0
        D:2 |     137 |     275 |  66.7 |      12 |       9 |  42.9
        D:3 |      78 |       0 |   0.0 |      15 |       0 |   0.0
        D:4 |     594 |       0 |   0.0 |      13 |       0 |   0.0
        D:5 |     346 |       0 |   0.0 |      13 |       0 |   0.0
        D:6 |     378 |      46 |  10.8 |      11 |       1 |   8.3
        D:7 |    1591 |     215 |  11.9 |      31 |       1 |   3.1
        D:8 |     994 |    2191 |  68.8 |      15 |      16 |  51.6
        D:9 |    2437 |       0 |   0.0 |      18 |       0 |   0.0
       D:10 |    2520 |       0 |   0.0 |      28 |       0 |   0.0
     Lair:1 |     608 |     290 |  32.3 |       2 |       2 |  50.0
            +---------+---------+-------+---------+---------+-------
